 Dungeon Crawl Stone Soup version 0.26-a0-808-g930a2b7adc (webtiles) character file.

Game seed: 2625931653977434351

83 Decritt the Gusty (level 4, 0/24 HPs)
             Began as a Tengu Air Elementalist on Nov 12, 2020.
             Killed by nerve-wracking pain
             ... invoked by Jessica
              (14 damage)
             ... on level 3 of the Dungeon.
             The game lasted 00:08:18 (2191 turns).

Decritt the Gusty (Tengu Air Elementalist)          Turns: 2191, Time: 00:08:18

Health: 0/24       AC:  4    Str:  8      XL:     4   Next: 44%
Magic:  8/8        EV: 12    Int: 16      God:
Gold:   134        SH:  0    Dex: 14 (15) Spells: 4/7 levels left

rFire    . . .     SeeInvis .   h - +5 whip (flame)
rCold    . . .     Faith    .   (no shield)
rNeg     . . .     Spirit   .   r - +0 leather armour
rPois    .         Reflect  .   (helmet restricted)
rElec    .         Harm     .   l - +0 cloak
rCorr    .         Rampage  .   (no gloves)
MR       .....                  (boots unavailable)
Stlth    ++........             (no amulet)
HPRegen  0.08/turn              (no ring)
MPRegen  0.11/turn              (no ring)

@: no status effects
A: beak, talons 3
a: no special abilities


You were on level 3 of the Dungeon.
You visited 1 branch of the dungeon, and saw 3 of its levels.

You collected 134 gold pieces.

Inventory:

Hand Weapons
 h - a +5 whip of flaming (weapon)
Missiles
 b - 7 boomerangs (quivered)
 e - 88 stones
 q - 41 sling bullets
Armour
 a - a +0 robe
 l - a +0 cloak (worn)
 r - a +0 leather armour (worn)
Scrolls
 d - a scroll of fog {unknown}
 f - a scroll of immolation {unknown}
 g - 2 scrolls of remove curse {unknown}
 i - 4 scrolls of identify {unknown}
 k - a scroll of enchant weapon {unknown}
 m - a scroll of amnesia {unknown}
 s - a scroll of enchant armour {unknown}
Potions
 c - a potion of attraction {unknown}
 j - 2 potions of curing {unknown}
 n - a potion of ambrosia {unknown}
 o - a potion of heal wounds {unknown}
 p - 2 potions of lignification {unknown}


   Skills:
 * Level 1.9 Armour
 - Level 2.5 Dodging
 - Level 2.0 Stealth
 - Level 2.3 Spellcasting
 - Level 3.0 Conjurations
 - Level 4.8 Air Magic


You had 4 spell levels left.
You knew the following spells:

 Your Spells              Type           Power        Failure   Level
a - Shock                 Conj/Air       ##..         5%          1
b - Swiftness             Air            ###.....     6%          2

Your spell library contained the following spells:

 Spells                   Type           Power        Failure   Level
 Static Discharge         Conj/Air       ##......     17%         3
 Airstrike                Air            ###.......   36%         4
 Lightning Bolt           Conj/Air       ##........   83%         5


Dungeon Overview and Level Annotations

Branches:
Dungeon (3/15)

Altars:
Dithmenos

Annotations:
D:3 Jessica


Innate Abilities, Weirdness & Mutations

You have a beak for a mouth.
You have claws for feet.


Message History

The quasit claws you but does no damage.
Jessica hits you but does no damage.
The quasit bites you but does no damage.
The quasit claws you but does no damage.
The quasit barely misses you.
You whack Jessica! You burn Jessica.
Jessica is almost dead.
Jessica hits you with a +0 club. The quasit closely misses you. x3
Jessica hits you but does no damage.
You closely miss Jessica.
Jessica is almost dead.
Jessica casts a spell at you. Pain shoots through your body!
The quasit bites you but does no damage.
The quasit closely misses you.
The quasit claws you but does no damage.
Jessica gestures at you while chanting. Pain shoots through your body!
Ouch! That really hurt!
You die...

##.####
......@######
#5@....#
######.# #.#
#.# ## ##.#
.. #..# #.
#.## ##.##
#.#
###...#####.#


You could see a quasit and Jessica (fast).

Vanquished Creatures
  3 adders
  2 oozes (D:1)
  A worm (D:2)
  A leopard gecko (D:2)
  A giant cockroach (D:1)
  7 goblins
  6 hobgoblins
  5 jackals
  7 kobolds
  A quokka (D:2)
  4 bats
  2 frilled lizards
  A rat (D:1)
41 creatures vanquished.

Vanquished Creatures (others)
  2 plants (D:1)
2 creatures vanquished.

Grand Total: 43 creatures vanquished

Notes
Turn   | Place    | Note
-------+----------+-------------------------------------------
     0 | D:1      | Decritt the Tengu Air Elementalist began the quest for the
                  | Orb.
     0 | D:1      | Reached XP level 1. HP: 10/10 MP: 4/4
   173 | D:1      | Reached XP level 2. HP: 15/15 MP: 3/6
   756 | D:1      | Reached XP level 3. HP: 17/19 MP: 1/7
   763 | D:1      | Learned a level 2 spell: Swiftness
  1310 | D:2      | Found a shadowy altar of Dithmenos.
  1889 | D:2      | Reached XP level 4. HP: 24/24 MP: 8/8
  1988 | D:2      | Reached skill level 1 in Armour
  2183 | D:3      | Noticed Jessica
  2191 | D:3      | Killed from afar by Jessica

Illustrated notes

Levels and vault maps discovered:
D:1:      minmay_arrival_doors, layout_basic, serial_bayou_lake_a
D:2:      layout_basic, nicolae_overflow_hidden_temple, grunt_ministairs_11
D:3:      layout_loops_ring, nemelex_xobeh_ov_fountains_minmay, uniq_jessica

Skill      XL: |  1  2  3  4 |
---------------+-------------+-----
Conjurations   | 2 3 |  3.0
Armour         | 1 |  1.9
Dodging        | |  2.5
Stealth        | |  2.0
Spellcasting   | |  2.3
Air Magic      | |  4.8

Action                   |  1- 3 |  4- 6 || total
-------------------------+-------+-------++-------
Melee: Whip              |    16 |    16 ||    32
       Club              |     2 |       ||     2
       Kick              |     2 |     1 ||     3
       Peck              |     1 |       ||     1
Throw: Boomerang         |    33 |    11 ||    44
 Cast: Shock             |    44 |     1 ||    45
 Stab: Sleeping          |       |     1 ||     1
Armor: Robe              |     6 |       ||     6
       Leather armour    |       |    10 ||    10
Dodge: Dodged            |    13 |    25 ||    38

Table legend: (Time is in decaauts)
 A = Elapsed time spent in this place.
 B = Non-inter-level travel time spent in this place.
 C = Inter-level travel time spent in this place.
 D = Time resting spent in this place.
 E = Time spent auto-exploring this place.
 F = Levels seen in this place.
 G = Mean time per level.
                   A        B        C        D        E       F      G
               +--------+--------+--------+--------+--------+-----+--------+
         Total |   2238 |   2120 |    118 |    312 |   1303 |   3 |  746.0 |
       Dungeon |   2238 |   2120 |    118 |    312 |   1303 |   3 |  746.0 |
               +--------+--------+--------+--------+--------+-----+--------+

Top non-repeatable levels by time:
     D:1: 1290 daAuts
     D:2: 830 daAuts
     D:3: 117 daAuts
